Map: Dash and Terminal LE (Void)

Players

Reality

  • Race: Terran Terran
  • League: Master

HyuN - Winner!

  • Race: Zerg Zerg
  • League: Master

Event: Team Gravity's Fight Night #37

VOD

https://youtu.be/dH7_hsdymMo?t=6m27s

Description

Time

  • Played on: Oct. 31, 2015, 8 p.m.
  • Length: 17:03

All games in this series

Show
View Real Time Build Order
Export as new Build Order

Reality Terran 

Build Orders: Reaper Expand, Hellion Banshee, Mech 

Get SALT Encoding   

  12  0:01  SCV  
  13  0:13  SCV  
  14  0:18  Supply Depot  
  14  0:25  SCV  
  15  0:39  SCV  
  15  0:41  Barracks  
  16  0:44  Refinery  
  16  0:51  SCV  
  17  1:03  SCV  
  18  1:15  SCV  
  19  1:28  Orbital Command  
  19  1:29  Reaper  
  20  1:41  Command Center  
  20  1:53  Supply Depot  
  21  1:54  SCV  
  21  2:00  Marine  
  22  2:06  SCV  
  23  2:09  Factory  
  23  2:17  Refinery  
  23  2:18  SCV  
  24  2:23  Barracks Reactor  
  24  2:30  SCV  
  24  2:42  SCV  
  25  2:54  SCV, Starport  
  25  2:55  Orbital Command  
  26  3:04  Hellion x2  
  30  3:06  SCV  
  31  3:17  Barracks Tech Lab  
  31  3:19  SCV  
  32  3:21  SCV  
  32  3:27  Hellion x2  
  36  3:30  Supply Depot  
  36  3:32  SCV  
  36  3:33  SCV  
  38  3:40  Banshee  
  41  3:43  Cloaking Field  
  41  3:44  SCV  
  41  3:45  SCV  
  43  3:48  Marine  
  43  3:54  Supply Depot  
  43  3:55  Hellion  
  46  3:59  SCV  
  46  4:00  SCV  
  48  4:04  Bunker  
  48  4:11  SCV  
  48  4:12  SCV  
  50  4:22  Supply Depot  
  50  4:23  Banshee, SCV  
  54  4:24  SCV  
  55  4:35  SCV  
  55  4:36  SCV  
  55  4:37  Command Center  
  57  4:46  Supply Depot  
  57  4:47  Refinery x2  
  57  4:48  SCV x2  
  57  4:50  Hellion  
  57  4:51  Hellion  
  63  4:56  Supply Depot  
  63  5:00  SCV  
  63  5:01  SCV  
  65  5:12  SCV  
  65  5:13  SCV  
  65  5:17  Hellion x2  
  67  5:24  SCV  
  67  5:25  SCV, Marine  
  67  5:28  Banshee  
  73  5:35  Factory  
  73  5:36  SCV  
  73  5:37  Factory  
  73  5:38  SCV  
  73  5:40  Supply Depot, Hellion x2  
  76  5:47  Barracks Tech Lab  
  76  5:48  SCV  
  77  5:50  SCV  
  77  5:51  Orbital Command  
  77  6:00  SCV  
  73  6:05  Hellion  
  73  6:06  Hellion  
  72  6:11  SCV  
  72  6:12  SCV  
  71  6:24  SCV  
  67  6:27  Hellion  
  61  6:36  SCV  
  61  6:37  SCV  
  61  6:39  Orbital Command  
  63  6:46  Siege Tank x2  
  69  6:47  Starport Reactor  
  69  6:49  SCV x2  
  71  6:54  Armory  
  71  6:58  Hellion x2  
  71  7:01  SCV x2  
  76  7:02  Refinery x2  
  76  7:06  SCV  
  76  7:08  Engineering Bay  
  78  7:13  SCV  
  78  7:14  SCV  
  80  7:19  Hellion  
  80  7:20  Hellion  
  88  7:25  SCV  
  88  7:26  SCV  
  88  7:31  Engineering Bay  
  88  7:34  Liberator x2  
  92  7:37  SCV  
  92  7:38  SCV x2  
  92  7:43  Hellion x2, Siege Tank  
  98  7:50  SCV x3, Siege Tank  
  101  7:54  Supply Depot, Terran Vehicle Weapons Level 1  
  101  8:01  Missile Turret  
  101  8:03  Missile Turret  
  101  8:07  Supply Depot x2  
  101  8:14  Supply Depot  
  101  8:15  SCV x3, Hellion x2  
  92  8:27  SCV x3, Siege Tank  
  92  8:28  Siege Tank  
  92  8:32  Liberator x2  
  94  8:37  Hellion x2  
  94  8:39  SCV  
  88  8:43  SCV  
  87  8:51  SCV  
  94  8:58  Hellion x2  
  94  9:02  Armory  
  98  9:04  SCV x3, Supply Depot  
  98  9:08  Cyclone  
  98  9:09  Hellion x5  
  104  9:11  Hellion  
  104  9:12  Hellion, Cyclone  
  104  9:15  Missile Turret  
  107  9:18  SCV x3  
  110  9:25  Factory  
  110  9:27  Barracks Reactor  
  110  9:28  Factory  
  110  9:31  SCV  
  110  9:32  SCV x2  
  110  9:33  Hellion x3  
  110  9:34  Supply Depot, Hellion x3  
  118  9:38  Hellion  
  118  9:42  Supply Depot  
  118  9:43  Viking  
  118  9:44  Viking  
  123  9:45  Hellion  
  123  9:50  SCV x3  
  123  9:51  Cyclone  
  127  9:53  Cyclone  
  127  9:59  Supply Depot  
  130  10:02  Terran Vehicle Weapons Level 2, SCV  
  130  10:03  SCV x2  
  130  10:04  Terran Vehicle And Ship Armor Level 1  
  133  10:13  Factory Tech Lab  
  133  10:18  Viking x2  
  137  10:23  Infernal Pre-Igniter  
  137  10:26  Command Center  
  137  10:40  Cyclone  
  137  10:42  Supply Depot, Hellion x3  
  146  10:46  Missile Turret  
  146  10:48  Viking x2  
  150  10:52  Cyclone  
  153  10:57  Cyclone  
  154  11:09  Hellion x2  
  154  11:10  Hellion x2  
  160  11:22  Command Center  
  160  11:23  Viking, Missile Turret  
  162  11:29  Viking  
  162  11:32  Armory  
  164  11:38  Cyclone  
  167  11:41  Cyclone  
  170  11:57  Refinery  
  170  11:59  Refinery  
  170  12:01  Ghost Academy  
  170  12:03  Barracks, Sensor Tower, Missile Turret  
  166  12:11  Barracks  
  162  12:17  Cyclone x3  
  171  12:29  Hellion x4  
  176  12:40  Viking x2  
  155  13:04  Siege Tank x2  
  155  13:05  Siege Tank  
  139  13:06  Hellion x4, Terran Ship Weapons Level 1  
  130  13:23  SCV x3  
  130  13:26  Barracks Tech Lab x2  
  133  13:31  Viking x2  
  137  13:39  Planetary Fortress  
  137  13:47  Ghost  
  139  13:52  Ghost  
  137  14:07  Siege Tank  
  137  14:08  Siege Tank  
  139  14:14  Siege Tank, Missile Turret  
  139  14:15  Hellion, Ghost  
  146  14:20  Ghost  
  146  14:32  SCV x3  
  146  14:33  Command Center  
  146  14:37  Supply Depot  
  149  14:38  Supply Depot  
  149  14:44  Ghost  
  151  14:48  Siege Tank  
  151  14:49  Ghost  
  151  14:51  Siege Tank  
  159  15:02  Hellion x4  
  159  15:17  Command Center  
  159  15:29  Ghost x2  
  163  15:37  Viking  
  163  15:40  Siege Tank  
  168  15:43  Siege Tank  
  168  15:48  Siege Tank  
  172  15:58  Ghost  
  154  16:22  Siege Tank x2  
  154  16:23  Orbital Command  
  132  16:26  Hellbat x3  
Show
View Real Time Build Order
Export as new Build Order

HyuN Zerg - Winner!

Build Orders: Hatch First 

Get SALT Encoding   

  12  0:00  Drone  
  13  0:12  Overlord  
  13  0:17  Drone  
  14  0:30  Drone x2  
  14  0:35  Drone  
  17  0:52  Hatchery  
  17  0:55  Drone  
  17  0:57  Drone  
  18  1:10  Extractor  
  17  1:11  Spawning Pool  
  17  1:15  Drone  
  17  1:18  Drone  
  18  1:28  Drone  
  19  1:38  Overlord  
  19  1:58  Queen  
  19  1:59  Zergling x2  
  19  2:00  Zergling x2  
  23  2:04  Zergling x2, Queen  
  26  2:10  Metabolic Boost  
  26  2:14  Drone  
  27  2:16  Drone  
  28  2:32  Drone x3  
  28  2:35  Queen  
  33  2:37  Drone  
  33  2:43  Drone  
  35  2:49  Drone  
  36  2:57  Hatchery, Drone  
  36  3:08  Roach Warren, Drone  
  36  3:20  Overlord  
  36  3:23  Extractor  
  36  3:25  Drone  
  36  3:39  Drone  
  36  3:40  Drone x5  
  36  3:41  Drone  
  42  3:45  Lair  
  42  3:47  Extractor  
  41  3:52  Drone x2  
  41  3:54  Overlord  
  43  3:56  Overlord  
  43  4:01  Spore Crawler, Drone  
  43  4:11  Drone x5  
  48  4:18  Roach  
  48  4:21  Roach x3  
  56  4:26  Roach x2  
  56  4:28  Drone  
  61  4:34  Overlord  
  61  4:37  Roach x2  
  65  4:48  Overlord x2, Glial Reconstitution  
  65  4:50  Overseer  
  65  4:53  Drone x2  
  65  4:54  Drone  
  65  4:58  Drone x2  
  65  4:59  Drone  
  71  5:01  Drone  
  71  5:02  Drone  
  71  5:05  Overseer  
  72  5:12  Drone x5  
  73  5:16  Drone  
  73  5:20  Drone  
  73  5:21  Drone x3  
  75  5:23  Drone  
  77  5:30  Drone x2  
  77  5:35  Overseer  
  79  5:41  Ravager x5  
  84  5:43  Overlord  
  84  5:44  Overlord  
  84  5:46  Drone x7  
  88  6:05  Overlord x2  
  88  6:08  Drone x4  
  87  6:23  Roach  
  87  6:24  Roach x6  
  94  6:33  Roach x7  
  94  6:36  Extractor  
  94  6:37  Extractor  
  94  6:38  Spore Crawler  
  96  6:40  Overlord  
  96  6:42  Spore Crawler  
  96  6:43  Evolution Chamber, Extractor  
  96  6:45  Drone x2  
  96  6:46  Evolution Chamber  
  94  6:55  Nydus Network, Roach x2  
  97  7:01  Hatchery  
  97  7:06  Overlord x2  
  97  7:07  Drone x6  
  102  7:12  Drone  
  103  7:16  Roach x3  
  103  7:17  Roach x4, Queen  
  116  7:29  Roach x3  
  117  7:42  Queen x2  
  117  7:50  Zerg Missile Weapons Level 1  
  117  7:51  Zerg Ground Armor Level 1  
  117  7:53  Drone x4, Queen  
  117  7:54  Roach x6  
  135  7:59  Nydus Canal  
  135  8:00  Roach  
  135  8:01  Roach  
  135  8:03  Roach x2  
  143  8:06  Roach  
  145  8:18  Nydus Canal  
  143  8:24  Roach x8  
  143  8:25  Roach  
  141  8:30  Roach  
  141  8:31  Roach  
  137  8:40  Roach  
  131  8:42  Drone x7  
  131  8:43  Drone  
  131  8:46  Spire  
  131  8:48  Drone x3, Queen  
  125  9:05  Drone x7, Spore Crawler x2  
  125  9:07  Extractor  
  125  9:09  Extractor  
  126  9:11  Drone  
  126  9:16  Spore Crawler  
  122  9:24  Overlord x2  
  122  9:25  Overlord x4  
  120  9:31  Drone  
  120  9:34  Spore Crawler  
  118  9:47  Hatchery, Zerg Ground Armor Level 2, Zerg Missile Weapons Level 2  
  118  9:48  Spore Crawler  
  118  9:50  Drone x2  
  118  9:52  Evolution Chamber, Infestation Pit  
  117  9:55  Drone x2  
  117  9:57  Spore Crawler  
  117  9:59  Hatchery  
  116  10:04  Corruptor x2, Zerg Flyer Armor Level 1  
  120  10:08  Corruptor  
  122  10:19  Corruptor x4  
  130  10:30  Corruptor x4  
  138  10:36  Corruptor  
  138  10:37  Corruptor  
  138  10:41  Hive  
  140  10:48  Burrow, Tunneling Claws  
  140  10:53  Roach x5  
  150  10:58  Zerg Melee Weapons Level 1  
  150  11:03  Hydralisk Den  
  149  11:06  Drone  
  149  11:07  Overlord x2  
  148  11:11  Roach  
  148  11:12  Roach x5  
  160  11:24  Overseer  
  158  11:30  Drone x2  
  158  11:39  Muscular Augments  
  158  11:40  Hydralisk x3  
  158  11:43  Hydralisk x9, Extractor  
  158  11:45  Drone x2  
  183  11:47  Extractor  
  182  11:57  Ravager x2  
  182  11:58  Ravager  
  185  12:01  Hydralisk  
  185  12:04  Ultralisk Cavern  
  185  12:05  Roach x12  
  182  12:16  Zergling x16  
  182  12:17  Spine Crawler, Zergling x2  
  182  12:18  Spine Crawler  
  107  13:14  Chitinous Plating  
  107  13:15  Ultralisk x7  
  107  13:19  Queen  
  145  13:20  Drone, Queen x3  
  145  13:21  Drone x2  
  145  13:23  Queen x2  
  160  13:32  Ultralisk  
  160  13:33  Ultralisk, Drone  
  173  13:41  Spore Crawler x2  
  172  13:43  Ultralisk  
  172  13:46  Overseer  
  177  13:50  Ultralisk  
  177  13:55  Queen x3  
  181  13:59  Drone x18  
  183  14:03  Viper x2  
  183  14:08  Drone x4  
  191  14:21  Hydralisk x4  
  199  14:31  Extractor x2  
  197  14:40  Spine Crawler x2  
  197  14:41  Spine Crawler  
  194  14:50  Pneumatized Carapace  
  194  15:15  Greater Spire  
  194  15:17  Pathogen Glands  
  194  15:21  Hatchery  
  193  15:47  Nydus Canal  
  145  16:34  Hydralisk x11  
  145  16:35  Hydralisk x16  

Tags
 
Add a new tag
Caveats
  • Supply blocks, unpowered buildings, or Contaminate may cause inaccurate times.
  • Supply counts are checked every 10 seconds.